 Dungeon Crawl Stone Soup version 0.30-a0-570-g486de37d69 (webtiles) character file.

Game seed: 6355178264206023195

1790 M4edhros the Sneak (level 9, -1/55 (59) HPs)
             Began as an Octopode Artificer on Dec 29, 2022.
             Slain by a wight
             ... wielding a +5 flail
              (3 damage)
             ... on level 6 of the Dungeon.
             The game lasted 00:06:54 (2286 turns).

M4edhros the Sneak (Octopode Artificer)             Turns: 2286, Time: 00:06:54

HP:   -1/55 (59)    AC:  1    Str: 12    XL:     9   Next: 8%
MP:   9/9           EV: 15    Int: 13    God:
Gold: 196           SH:  0    Dex: 16    Spells: 8/8 levels left

rFire   . . .      SeeInvis .      - Unarmed
rCold   . . .      Faith    .    (no shield)
rNeg    . . .      Spirit   .    (helmet restricted)
rPois   .          Reflect  .    (no amulet)
rElec   .          Harm     .    (no ring)
rCorr   .          Rampage  .    (no ring)
Will    .....                    (no ring)
Stlth   ++++                     (no ring)
HPRegen 0.29/turn                (no ring)
MPRegen 0.11/turn                (no ring)
                                 (no ring)
                                 (no ring)

@: drained
A: almost no armour, amphibious, 8 rings, camouflage 1, gelatinous body 1,
(nimble swimmer 1), tentacles
a: no special abilities


You were on level 6 of the Dungeon.
You visited 1 branch of the dungeon, and saw 7 of its levels.

You collected 196 gold pieces.

Inventory:

Hand Weapons
 c - a +1 mace of protection
Missiles
 m - 10 poisoned darts
 q - 5 javelins
Wands
 b - a wand of flame (4) (quivered)
 p - a wand of paralysis (1)
Scrolls
 a - 3 scrolls of blinking {unknown}
 d - a scroll of identify {unknown}
 e - a scroll of noise {unknown}
 f - a scroll of amnesia {unknown}
 h - 3 scrolls of fog {unknown}
 i - a scroll of fear {unknown}
 j - a scroll of poison {unknown}
 l - 2 scrolls of magic mapping {unknown}
 n - 2 scrolls of enchant armour {unknown}
 r - a scroll of immolation {unknown}
 s - a scroll of vulnerability {unknown}
Potions
 g - 2 potions of flight {unknown}
 k - 2 potions of curing {unknown}
 o - 2 potions of brilliance {unknown}


   Skills:
 + Level 4.6 Fighting
 + Level 5.1 Dodging
 + Level 6.6 Stealth
 * Level 6.5 Unarmed Combat
 + Level 6.0 Evocations


You had 8 spell levels left.
You didn't know any spells.
Your spell library contained the following spells:

 Spells                   Type           Power      Damage    Failure   Level
 Slow                     Hex            0%         N/A       30%         1
 Cigotuvi's Dreadful Rot  Necr/Pois/Air  0%         N/A       43%         2
 Confusing Touch          Hex            0%         N/A       67%         3
 Vampiric Draining        Necr           0%         2d6       67%         3
 Dispel Undead            Necr           0%         3d6       97%         4
 Death Channel            Necr           0%         N/A       100%        6


Dungeon Overview and Level Annotations

Branches:
Dungeon (7/15)
 Temple: D:4-7

Altars:
Gozag
Sif Muna
Vehumet
Yredelemnul
The Shining One

Shops:
D:7 (


Innate Abilities, Weirdness & Mutations

You cannot wear most types of armour.
You are amphibious.
You can wear up to eight rings at the same time.
Your skin changes colour to match your surroundings (Stealth+).
Your rubbery body absorbs attacks. (AC +1, EV +1)
((You are camouflaged when in or above water. (Stealth+)))
You have tentacles for arms and can constrict up to eight enemies at once.


Message History

Pain shoots through your body!
You bludgeon the shadow imp! You grab the shadow imp.
The shadow imp is severely wounded.
You constrict the shadow imp. The shadow imp closely misses you.
A wight comes into view. It is wielding a +0 long sword.
You barely miss the shadow imp.
The shadow imp is almost dead.
You constrict the shadow imp.
You kill the shadow imp!
A wight comes into view.
It is wielding a +1 war axe of freezing.
Found an ancient brass ring.
A wight comes into view. It is wielding a +5 flail.
Aiming: Paralyse
Press: ? - help, Shift-Dir - straight line, f - wight
Aim: a wight, wielding a +5 flail and wearing a +0 robe (wandering, hasn't noticed you, chance to affect: 64%)
The wight struggles to resist.
Aiming: Paralyse
Press: ? - help, Shift-Dir - straight line, f - wight
Aim: a wight, wielding a +5 flail and wearing a +0 robe (chance to affect: 64%)
The wight struggles to resist.
The wight misses you. The wight attacks as you move away!
The wight barely misses you. x2
You see here the ring of Tuguynwo {Fly rElec}.
The wight hits you with a +5 flail!
You feel drained. The wight attacks as you move away!
The wight hits you with a +1 war axe of freezing.
The wight freezes you. The wight attacks as you move away!
The wight hits you with a +1 war axe of freezing!
The wight freezes you.
* * * LOW HITPOINT WARNING * * *
The wight attacks as you move away! The wight hits you with a +5 flail!
* * * LOW HITPOINT WARNING * * *
You feel drained.
* * * LOW HITPOINT WARNING * * *
Okay, then.
Aiming: Paralyse
Press: ? - help, Shift-Dir - straight line, f/p - wight
Aim: a wight, wielding a +5 flail and wearing a +0 robe (chance to affect: 64%)
The wight struggles to resist.
The wight hits you with a +5 flail.
You die...

# #.#
########.
##.#.##### #.
###....#...#
##
............#
####...##...#
##.# #O=##
... #.z# ####
#zz# #.@#
#..# #..#
#... ..## ###


You could see an ogre and 3 wights.

Vanquished Creatures
  A wyvern (D:7)
  3 humans (D:7)
  An orc warrior (D:7)
  2 black bears
  2 bullfrogs (D:7)
  A necrophage (D:6)
  2 wights (D:7)
  6 killer bees
  A howler monkey (D:6)
  An electric eel (D:6)
  2 jellies (D:6)
  An iguana (D:5)
  An orc wizard (D:5)
  A gnoll (D:4)
  2 adders (D:4)
  A shadow imp (D:6)
  A white imp (D:6)
  An ufetubus (D:6)
  A dart slug (D:2)
  6 orcs
  2 endoplasms
  2 goblins
  2 hobgoblins (D:1)
  A kobold (D:2)
  3 bats
  2 frilled lizards
49 creatures vanquished.

Vanquished Creatures (collateral kills)
  A human (D:7)
  A wight (D:7)
  An orc priest (D:5)
  A gnoll (D:4)
  An orc (D:7)
  A goblin (D:4)
6 creatures vanquished.

Vanquished Creatures (others)
  A human (D:7)
  2 scorpions (D:5)
  2 killer bees (D:7)
5 creatures vanquished.

Grand Total: 60 creatures vanquished

Notes
Turn   | Place    | Note
-------+----------+-------------------------------------------
     0 | D:1      | M4edhros the Octopode Artificer began the quest for the
                  | Orb.
     0 | D:1      | Reached XP level 1. HP: 13/13 MP: 1/1
   188 | D:1      | Reached XP level 2. HP: 8/18 MP: 2/2
   354 | D:2      | Identified the +3 scale mail of Inquiry {Fly Int+3}
   426 | D:3      | Reached skill level 1 in Unarmed Combat
   479 | D:4      | Reached XP level 3. HP: 14/23 MP: 3/3
   585 | D:4      | Reached XP level 4. HP: 28/28 MP: 4/4
   601 | D:5      | Entered Level 5 of the Dungeon
   684 | D:5      | Noticed a scorpion
   690 | D:5      | Found a radiant altar of Vehumet.
   690 | D:5      | Noticed a black bear
   700 | D:5      | Killed a black bear
   701 | D:5      | Reached XP level 5. HP: 30/34 MP: 5/5
   981 | D:5      | Reached XP level 6. HP: 26/41 MP: 6/6
  1133 | D:7      | Noticed a wyvern
  1140 | D:7      | Killed a wyvern
  1141 | D:7      | Reached XP level 7. HP: 28/46 MP: 7/7
  1308 | D:7      | Noticed a human
  1309 | D:7      | Found Maisysan's Weapon Boutique.
  1312 | D:7      | Noticed a human
  1317 | D:7      | Noticed a human
  1333 | D:7      | Noticed a human
  1335 | D:7      | Killed a human
  1336 | D:7      | Reached skill level 5 in Stealth
  1336 | D:7      | Reached skill level 5 in Evocations
  1339 | D:7      | Killed a human
  1340 | D:7      | Reached skill level 5 in Unarmed Combat
  1340 | D:7      | Reached XP level 8. HP: 38/53 MP: 8/8
  1898 | D:7      | Found an opulent altar of Gozag.
  1996 | D:6      | Found a shimmering blue altar of Sif Muna.
  1997 | D:6      | Found a basalt altar of Yredelemnul.
  2069 | D:6      | Found a glowing golden altar of the Shining One.
  2107 | D:6      | Reached skill level 5 in Dodging
  2107 | D:6      | Reached XP level 9. HP: 42/57 MP: 9/9
  2282 | D:6      | Identified the ring of Tuguynwo {Fly rElec}
  2285 | D:6      | HP: 2/55 [wight/+5 flail (4)]
  2286 | D:6      | Slain by a wight

Illustrated notes

Levels and vault maps discovered:
D:1:      elethiomel_arrival_quiet, layout_basic
D:2:      layout_rooms, hellmonk_ecumenical_altar_leap_of_faith, minmay_3d_cube
D:3:      layout_loops_ring, cheibrodos_sewer_entry_bend, minmay_misc_feat_chi
D:4:      nicolae_BIG_FREAKIN_CUBE, layout_loops_ring, gammafunk_ghost_grave
D:5:      layout_loops_corners, lemuel_tele_altar, nzn_wu_jian_council_hall
D:6:      layout_loops_ring, lemuel_doored_altar,
          nicolae_overflow_two_pavilions, chequers_serial_rivers_room_a,
          amcnicky_mini_pool_small
D:7:      layout_basic, grunt_gozag_breadcrumbs, serial_shops,
          nicolae_shop_hallway_plus, minmay_ruffians

Skill      XL: |  1  2  3  4  5  6  7  8  9 |
---------------+----------------------------+-----
Unarmed Combat | 1 2 3 4 5 6 |  6.5
Stealth        | 2 3 4 5 6 |  6.6
Fighting       | 2 3 4 |  4.6
Dodging        | 3 4 5 |  5.1
Evocations     | 4 5 6 |  6.0

Action                   |  1- 3 |  4- 6 |  7- 9 || total
-------------------------+-------+-------+-------++-------
Melee: Unarmed           |    32 |    24 |    70 ||   126
       Constrict         |    10 |     6 |    19 ||    35
       Tentacles         |     8 |     3 |    25 ||    36
       Punch             |       |       |     3 ||     3
Evoke: Wand              |     4 |    18 |    18 ||    40
  Use: Potion            |       |     2 |       ||     2
 Stab: Sleeping          |     5 |     1 |     4 ||    10
       Paralysed         |       |       |    17 ||    17
Armor: Skin              |     1 |     1 |       ||     2
Dodge: Dodged            |    11 |    12 |    35 ||    58

Table legend: (Time is in decaauts)
 A = Elapsed time spent in this place.
 B = Non-inter-level travel time spent in this place.
 C = Inter-level travel time spent in this place.
 D = Time resting spent in this place.
 E = Time spent auto-exploring this place.
 F = Levels seen in this place.
 G = Mean time per level.
                   A        B        C        D        E       F      G
               +--------+--------+--------+--------+--------+-----+--------+
         Total |   2275 |   2242 |     33 |    117 |   1475 |   7 |  325.0 |
       Dungeon |   2275 |   2242 |     33 |    117 |   1475 |   7 |  325.0 |
               +--------+--------+--------+--------+--------+-----+--------+

Top non-repeatable levels by time:
     D:7: 903 daAuts
     D:5: 428 daAuts
     D:6: 341 daAuts
     D:1: 267 daAuts
     D:2: 152 daAuts
     D:4: 137 daAuts
     D:3: 43 daAuts
